 Dungeon Crawl Stone Soup version 0.28.0-45-g0d030f2227 (webtiles) character file.

Game seed: 8851797897618543040

4995 MisterFreud the Covert (level 10, -4/92 HPs)
             Began as a Naga Fighter on May 2, 2022.
             Was an Elder of Okawaru.
             Slain by an orc warrior
             ... wielding a +0 mace
              (17 damage)
             ... on level 9 of the Dungeon.
             The game lasted 00:11:53 (8416 turns).

MisterFreud the Covert (Naga Fighter)               Turns: 8416, Time: 00:11:53

Health: -4/92      AC:  9    Str: 26    XL:     10   Next: 54%
Magic:  16/16      EV:  8    Int:  8    God:    Okawaru [****..]
Gold:   427        SH:  0    Dex: 16    Spells: 9/9 levels left

rFire   . . .      SeeInvis +   b - +2 scythe (venom)
rCold   . . .      Faith    .   (shield currently unavailable)
rNeg    + . .      Spirit   .   k - +1 scale mail of the Elven Halls {Will+ Regen+ Dex+2}
rPois   +          Reflect  .   A - +1 hat
rElec   .          Harm     .   (no cloak)
rCorr   .          Rampage  .   (no gloves)
Will    ++...                   (no barding)
Stlth   +++.......              B - amulet of regeneration
HPRegen 1.85/turn               j - +6 ring of strength
MPRegen 0.15/turn               g - ring of positive energy

@: very slow
A: AC +3, large, see invisible, deformed body, poison resistance, slowness 2,
spit poison 1, naga tail 1
a: Spit Poison, Renounce Religion, Heroism, Finesse


You were on level 9 of the Dungeon.
You worshipped Okawaru.
Okawaru was greatly pleased with you.
You visited 2 branches of the dungeon, and saw 10 of its levels.
You also visited: Sewer.

You collected 466 gold pieces.
You spent 39 gold pieces at shops.

Inventory:

Hand Weapons
 a - a +0 trident
 b - a +2 scythe of venom (weapon)
 H - the +7 broad axe "Taneacof" {vorpal, *Corrode Dex+7}
   (You found it on level 8 of the Dungeon)

   It inflicts extra damage upon your enemies.
   Dex:       It affects your dexterity (+7).
   *Corrode:  It may corrode you when you take damage.
Missiles
 e - 4 javelins
 s - 22 poisoned darts
 t - 2 throwing nets
 D - a boomerang
Armour
 c - a +1 buckler
 k - the +1 scale mail of the Elven Halls (worn) {Will+ Regen+ Dex+2}
   (You acquired it on level 3 of the Dungeon)

   Dex:       It affects your dexterity (+2).
   Regen:     It increases your rate of health regeneration.
   Will:      It increases your willpower.
 A - a +1 hat (worn)
Jewellery
 g - a ring of positive energy (right hand)
 h - an amulet of magic regeneration
 j - a +6 ring of strength (left hand)
 m - a ring of flight
 n - a ring of resist corrosion
 u - a ring of protection from cold
 z - a +6 ring of strength
 B - an amulet of regeneration (around neck)
 E - a ring of positive energy
Wands
 f - a wand of digging (15)
 r - a wand of acid (13)
 C - a wand of flame (7)
Scrolls
 i - 4 scrolls of immolation
 y - a scroll of amnesia
 F - a scroll of vulnerability {unknown}
Potions
 d - a potion of might
 l - 4 potions of flight
 p - 2 potions of haste
 q - a potion of magic
 v - 3 potions of brilliance
 w - 3 potions of lignification
 x - 2 potions of attraction
 G - a potion of ambrosia


   Skills:
 + Level 6.3 Fighting
 - Level 9.0 Polearms
 - Level 5.0 Armour
 - Level 10.0 Stealth
 - Level 2.8 Shields
 - Level 8.0 Invocations


You had 9 spell levels left.
You didn't know any spells.
Your spell library contained the following spells:

 Spells                   Type           Power      Damage    Failure   Level
 Magic Dart               Conj           0%         1d3       67%         1
 Mephitic Cloud           Conj/Pois/Air  0%         N/A       96%         3
 Summon Small Mammal      Summ           Unusable   N/A       N/A         1
 Call Imp                 Summ           Unusable   N/A       N/A         2
 Call Canine Familiar     Summ           Unusable   N/A       N/A         3
 Summon Guardian Golem    Hex/Summ       Unusable   N/A       N/A         3

Dungeon Overview and Level Annotations

Branches:
Dungeon (9/15)             Temple (1/1) D:5           Sewer (visited)
   Lair: D:8-11         Orc: D:9-12

Altars:
Ashenzari
Cheibriados
Dithmenos
Elyvilon
Fedhas
Gozag
Hepliaklqana
Kikubaaqudgha
Makhleb
Nemelex Xobeh
Okawaru
Ru
Sif Muna
Trog
Uskayaw
Vehumet
Wu Jian
Xom
Yredelemnul
Zin
The Shining One

Shops:
D:8 *

Annotations:
D:8 2 transporters, diceflayer's ghost, novice MiFi


Innate Abilities, Weirdness & Mutations

Your serpentine skin is tough. (AC +3)
You have supernaturally acute eyesight. (SInv)
Armour fits poorly on your strangely shaped body.
Your system is resistant to poisons. (rPois)
You cover ground very slowly.
You can spit poison.
You have a snake-like lower body.


Message History

The gnoll sergeant burns you. The gnoll hits you but does no damage.
Unknown command.
The gnoll hits you with a +0 whip. The wraith barely misses you.
You see here a +0 spear.
You slash the gnoll!
The gnoll is poisoned.
The gnoll is severely wounded.
The gnoll closely misses you. The gnoll sergeant barely misses you.
The gnoll hits you with a +0 whip.
Reach: b) +2 scythe (venom)
Press: ? - help, Dir - move target, f/p - gnoll sergeant
Aim: a gnoll sergeant, wielding a +1 spear of flaming, wearing a +0 ring mail and wearing a +0 buckler (severely wounded, poisoned, about 30% to evade your +2 scythe of venom)
The gnoll is in the way.
You closely miss the gnoll.
The gnoll is severely wounded.
The gnoll sergeant hits you from afar with a +1 spear of flaming.
The gnoll sergeant burns you. The gnoll hits you with a +0 whip.
Reach: b) +2 scythe (venom)
Press: ? - help, Dir - move target, f/p - gnoll sergeant
Aim: a gnoll sergeant, wielding a +1 spear of flaming, wearing a +0 ring mail and wearing a +0 buckler (severely wounded, poisoned, about 30% to evade your +2 scythe of venom)
You reach to attack!
You hit the gnoll sergeant but do no damage.
The gnoll sergeant is severely wounded.
You kill the gnoll!
Okawaru accepts your kill.
The gnoll sergeant hits you from afar with a +1 spear of flaming.
The gnoll sergeant burns you.
The gnoll sergeant hits you from afar with a +1 spear of flaming!
* * * LOW HITPOINT WARNING * * *
The gnoll sergeant burns you.
* * * LOW HITPOINT WARNING * * *
The orc warrior hits you with a +0 mace.
* * * LOW HITPOINT WARNING * * *
The orc warrior hits you with a +0 mace!
* * * LOW HITPOINT WARNING * * *
Okay, then.
Unknown command.
Unknown command.
You feel better.
The gnoll sergeant hits you but does no damage.
The orc warrior hits you with a +0 mace!
You die...

#.# #<(# #.# #..#
#.# #..# #######.#
#..# ........# #..#
########.# #..# #
.........###g.##.#.#
########..og........
#.@##.)...#.
#..#.........
#..#.###..... #<...
.... ....$ ...
##.... $. ...#. .
.###..#


You could see an orc warrior, a gnoll sergeant (poisoned) and a gnoll.

Vanquished Creatures
  Grinder (D:5)
  Sigmund (D:3)
  A wyvern (D:8)
  6 yaks (D:8)
  A steam dragon (D:8)
  Menkaure (D:5)
  Edmund (D:6)
  3 water moccasins
  3 ice beasts
  3 sky beasts
  2 black bears
  2 orc warriors
  2 necrophages (D:7)
  2 ogres (D:7)
  Blork the orc (D:5)
  A kobold brigand (D:7)
  3 bullfrogs
  2 water moccasin zombies
  3 scorpions (D:5)
  A water moccasin skeleton (D:5)
  3 wights (D:7)
  2 howler monkeys (D:5)
  2 gnoll shamans
  2 hounds
  4 orc priests
  A bullfrog skeleton (D:7)
  A jelly (D:4)
  3 centaur skeletons
  3 orc wizards
  16 gnolls
  A howler monkey skeleton (D:7)
  6 adders
  2 shadow imps
  2 white imps
  An ufetubus (D:6)
  2 worms (D:2)
  23 orcs
  4 endoplasms
  15 giant cockroaches
  10 goblins
  4 hobgoblins
  2 jackals (D:2)
  5 quokkas
  17 ball pythons
  6 bats
  8 frilled lizards
  11 kobolds
  10 rats
206 creatures vanquished.

Notes
Turn   | Place    | Note
-------+----------+-------------------------------------------
     0 | D:1      | MisterFreud the Naga Fighter began the quest for the Orb.
     0 | D:1      | Reached XP level 1. HP: 21/21 MP: 1/1
    24 | D:1      | Reached XP level 2. HP: 7/28 MP: 2/2
   459 | D:1      | You fall into a shaft and drop 1 floor!
   631 | D:1      | Reached XP level 3. HP: 34/34 MP: 3/3
  1150 | D:2      | Found a faded altar of an unknown god.
  1355 | D:2      | Reached XP level 4. HP: 42/42 MP: 4/4
  2338 | D:3      | HP: 2/42 [gnoll/+0 club (3)]
  2349 | D:3      | Reached XP level 5. HP: 26/49 MP: 5/5
  2591 | D:3      | Identified a scroll of acquirement
  2591 | D:3      | Acquired the +1 scale mail of the Elven Halls {Will+ Regen+
                  | Dex+2}
  2670 | D:3      | Noticed Sigmund
  2681 | D:3      | Killed Sigmund
  2682 | D:3      | Reached XP level 6. HP: 49/56 MP: 6/6
  3490 | D:4      | Found a glowing drain.
  3534 | Sewer    | Entered a sewer
  3564 | Sewer    | Reached XP level 7. HP: 62/62 MP: 7/7
  4529 | D:5      | Entered Level 5 of the Dungeon
  4792 | D:5      | Found a staircase to the Ecumenical Temple.
  4814 | Temple   | Entered the Ecumenical Temple
  4857 | Temple   | Became a worshipper of Warmaster Okawaru
  4886 | D:5      | Noticed Grinder
  4890 | D:5      | Killed Grinder
  4891 | D:5      | Reached XP level 8. HP: 63/69 MP: 8/8
  4962 | D:5      | Reached skill level 1 in Invocations
  5023 | D:5      | Reached * piety under Okawaru
  5423 | D:6      | Noticed Edmund
  5433 | D:6      | Killed Edmund
  5815 | D:6      | Reached XP level 9. HP: 42/80 MP: 11/11
  6029 | D:5      | Reached skill level 5 in Fighting
  6040 | D:5      | Noticed Blork the orc
  6049 | D:5      | Killed Blork the orc
  6140 | D:5      | Noticed Menkaure
  6144 | D:5      | Killed Menkaure
  6207 | D:5      | Reached ** piety under Okawaru
  6492 | D:7      | Reached skill level 5 in Invocations
  6536 | D:7      | Reached skill level 5 in Armour
  6646 | D:7      | Reached skill level 1 in Stealth
  6698 | D:7      | Reached skill level 2 in Stealth
  6782 | D:7      | Reached skill level 3 in Stealth
  6942 | D:7      | Reached *** piety under Okawaru
  7089 | D:7      | Reached skill level 4 in Stealth
  7138 | D:7      | Reached skill level 5 in Stealth
  7149 | D:7      | Reached XP level 10. HP: 91/91 MP: 15/15
  7198 | D:7      | Reached skill level 6 in Stealth
  7369 | D:8      | Found Raoskoho's General Store.
  7377 | D:8      | Bought a potion of lignification for 39 gold pieces
  7418 | D:8      | Reached skill level 7 in Stealth
  7715 | D:8      | Found a transporter.
  7795 | D:8      | Noticed diceflayer's ghost (novice MiFi)
  7817 | D:8      | Found a transporter.
  7885 | D:8      | Reached **** piety under Okawaru
  7890 | D:8      | Reached skill level 8 in Stealth
  7901 | D:8      | Reached skill level 9 in Stealth
  7903 | D:8      | HP: 3/91 [yak (8)]
  7911 | D:8      | Reached skill level 10 in Stealth
  8030 | D:8      | Identified the +7 broad axe "Taneacof" {vorpal, *Corrode
                  | Dex+7}
  8416 | D:9      | Slain by an orc warrior

Illustrated notes

Levels and vault maps discovered:
D:1:      sevenhm_arrival_forest_fort_small_4, layout_loops_ring,
          minmay_pentomino_t2
D:2:      minmay_razor_zed, layout_basic, dreamdust_ecumenical_altar_statues
D:3:      minmay_wonky_spiral, layout_basic, uniq_sigmund
D:4:      layout_basic, gup_sewer_entry_glass, minivault_26,
          grunt_decor_fettered
D:5:      layout_basic, minmay_temple_entry_overgrown, uniq_grinder,
          uniq_menkaure, uniq_blork_the_orc
D:6:      layout_cave_pods, uniq_edmund
D:7:      layout_basic, minmay_puff
D:8:      wad_pebble_path, layout_basic, serial_shops, shop,
          gammafunk_ghost_stat_death, nicolae_sextant, kennysheep_big_empty_room
D:9:      layout_loops_ring, mainiacjoe_overflow_six_doors_small,
          gammafunk_ghost_hive, lemuel_old_faithful
Temple:   nicolae_temple_the_god_donut

Skill      XL: |  1  2  3  4  5  6  7  8  9 10 |
---------------+-------------------------------+-----
Polearms       | 3 4 6 7 9 |  9.0
Armour         | 4 5 |  5.0
Invocations    | 3 6 8 |  8.0
Fighting       | 4 6 |  6.3
Stealth        | 5 10 | 10.0
Shields        | |  2.8

Action                   |  1- 3 |  4- 6 |  7- 9 | 10-12 || total
-------------------------+-------+-------+-------+-------++-------
Melee: Trident           |    54 |    68 |       |       ||   122
       Scythe            |       |    67 |   239 |    95 ||   401
Throw: Dart              |       |       |     5 |       ||     5
Invok: Heroism           |       |       |       |     1 ||     1
 Abil: Spit Poison       |    15 |    31 |     8 |       ||    54
  Use: Scroll            |     2 |     6 |     9 |       ||    17
       Potion            |       |     1 |       |     4 ||     5
 Stab: Sleeping          |       |       |       |     2 ||     2
Armor: Scale mail        |     5 |    41 |   145 |    70 ||   261
       Ring mail         |     6 |    11 |       |       ||    17
Dodge: Dodged            |    25 |    53 |   125 |    70 ||   273
Block: Buckler           |     3 |    13 |       |       ||    16
